 Dungeon Crawl Stone Soup version 0.31-a0-1204-ge2c1a860ed (webtiles) character file.

Game seed: 8650748019863578976

93471 whatisthis the Warrior (level 16, -11/149 HPs)
             Began as a Ghoul Venom Mage on Dec 12, 2023.
             Was a High Priest of Kikubaaqudgha.
             Mangled by a brown very ugly thing (17 damage)
             ... on level 2 of the Abyss on Dec 13, 2023.
             The game lasted 02:19:45 (32675 turns).

whatisthis the Warrior (Ghoul Venom Mage)          Turns: 32675, Time: 02:19:45

Health: -11/149    AC: 14    Str: 14      XL:     16   Next: 8%
Magic:  11/27      EV: 11    Int: 26      God:    Kikubaaqudgha [*****.]
Gold:   1817       SH: 10    Dex:  7 (9)  Spells: 2/31 levels left

rFire   + + .        U - +3 morningstar (flame)
rCold   + + .        z - +2 buckler
rNeg    + + +        M - +0 steam dragon scales
rPois   ∞            s - +2 helmet
rElec   +            q - +2 cloak {Stlth+}
rCorr   +            v - +2 pair of gloves
SInv    .            (no boots)
Will    +....        t - amulet of reflection
Stlth   +++          h - +6 ring of intelligence
HPRegen 0.00/turn    J - ring of protection from fire
MPRegen 0.20/turn

%: reflection
@: resistant, inhibited regen
A: claws 1, cold resistance 1, negative energy resistance 3, inhibited
regeneration, torment resistance 2, devour on kill
a: Renounce Religion, Unearth Wretches, Torment


You were on level 2 of the Abyss.
You worshipped Kikubaaqudgha.
Kikubaaqudgha was extremely pleased with you.
You visited 3 branches of the dungeon, and saw 21 of its levels.
You visited the Abyss 1 time.

You collected 1817 gold pieces.

Inventory:

Hand Weapons
 E - a +2 whip of flaming
 H - a +1 dagger of electrocution
 U - a +3 morningstar of flaming (weapon)
Missiles
 g - 173 stones (quivered)
 l - a throwing net
 n - 3 curare-tipped darts
 u - 42 poisoned darts
 x - 5 boomerangs
 R - 3 silver javelins
 V - 8 atropa-tipped darts
 Y - 6 javelins
Armour
 q - a +2 cloak of stealth (worn)
 s - a +2 helmet (worn)
 v - a +2 pair of gloves (worn)
 z - a +2 buckler (worn)
 M - +0 steam dragon scales (worn)
 P - a +0 kite shield
Magical Staves
 y - a staff of death
Jewellery
 b - a ring of protection from cold
 h - a +6 ring of intelligence (left hand)
 t - an amulet of reflection (around neck)
 J - a ring of protection from fire (right hand)
 Q - an amulet of the acrobat
Wands
 F - a wand of iceblast (3)
 G - a wand of paralysis (13)
 L - a wand of polymorph (18)
 W - a wand of quicksilver (11)
 X - a wand of flame (10)
Scrolls
 d - 2 scrolls of fear
 f - 2 scrolls of silence
 m - a scroll of brand weapon
 o - 3 scrolls of noise
 p - 2 scrolls of blinking {unknown}
 w - a scroll of teleportation
 B - 2 scrolls of revelation {unknown}
 D - 4 scrolls of poison
 I - 3 scrolls of immolation
 N - 2 scrolls of fog {unknown}
 S - 2 scrolls of enchant armour
 T - 2 scrolls of vulnerability
Potions
 c - 3 potions of brilliance
 e - 3 potions of curing
 i - 2 potions of attraction
 j - 5 potions of haste
 k - 3 potions of cancellation
 r - a potion of resistance
 A - 2 potions of enlightenment
 O - a potion of invisibility {unknown}
Miscellaneous
 a - a phantom mirror


   Skills:
 + Level 15.2 Fighting
 + Level 12.6 Maces & Flails
 - Level 1.7 Dodging
 - Level 2.1 Stealth
 - Level 8.1 Spellcasting
 + Level 12.7 Necromancy
 - Level 1.9 Transmutations
 - Level 7.5 Air Magic
 + Level 5.1 Earth Magic
 - Level 9.8 Poison Magic


You had 2 spell levels left.
You knew the following spells:

 Your Spells              Type           Power      Damage    Failure   Level
a - Sting                 Tmut/Pois      100%       1d8       1%          1
b - Poisonous Vapours     Pois/Air       100%       N/A       1%          2
c - Mephitic Cloud        Conj/Pois/Air  40%        N/A       1%          3
d - Olgreb's Toxic Radia  Pois           58%        N/A       1%          4
e - Animate Dead          Necr           67%        N/A       1%          4
f - Dispel Undead         Necr           67%        3d23      1%          4
g - Death Channel         Necr           33%        N/A       6%          6
h - Borgnjor's Vile Clut  Necr/Erth      27%        N/A       5%          5

Your spell library contained the following spells:

 Spells                   Type           Power      Damage    Failure   Level
 Kiss of Death            Conj/Necr      100%       2d13      1%          1
 Necrotise                Necr           100%       1d9       1%          1
 Cigotuvi's Dreadful Rot  Necr/Pois/Air  100%       N/A       1%          2
 Blink                    Tloc           20%        N/A       12%         2
 Agony                    Necr           67%        N/A       1%          5
 Anguish                  Hex/Necr       21%        N/A       5%          4
 Dazzling Flash           Conj/Hex       20%        N/A       22%         3
 Hailstorm                Conj/Ice       10%        3d6       22%         3
 Silence                  Hex/Air        15%        N/A       41%         5
 Manifold Assault         Tloc           10%        N/A       58%         4
 Summon Ice Beast         Ice/Summ       10%        N/A       58%         4
 Freezing Cloud           Conj/Ice/Air   11%        6-21      58%         5
 Simulacrum               Ice/Necr       21%        N/A       63%         6
 Summon Mana Viper        Hex/Summ       10%        N/A       91%         5
 Infestation              Necr           33%        N/A       95%         8
 Haunt                    Necr/Summ      21%        N/A       99%         7
 Monstrous Menagerie      Summ           5%         N/A       100%        7


Dungeon Overview and Level Annotations

Branches:
Dungeon (15/15)            Temple (1/1) D:5            Lair (5/5) D:9
  Swamp (0/4) Lair:3        Snake (0/4) Lair:2        Slime (0/5) Lair:5
    Orc (0/2) D:12         Vaults (0/5) D:14
 Depths: D:15

Altars:
Ashenzari
Cheibriados
Dithmenos
Fedhas
Gozag
Hepliaklqana
Kikubaaqudgha
Makhleb
Nemelex Xobeh
Okawaru
Qazlal
Ru
Sif Muna
Trog
Uskayaw
Vehumet
Wu Jian
Xom
Yredelemnul

Shops:
D:1 ::(   D:3 (

Annotations:
D:4 1 runed translucent door, exclusion: door, Crazy Yiuf
D:8 Gastronok


Innate Abilities, Weirdness & Mutations

You are immune to poison.
You have sharp fingernails.
Your flesh is cold resistant. (rC+)
You are immune to negative energy. (rN+++)
You do not regenerate when monsters are visible.
You are immune to unholy pain and torment.
You thrive by killing the living.


Message History

Aim: a raiju (100% to hit)
Zombie hands grab the raiju.
The zombie hands constrict the raiju.
The raiju bursts into living lightning!
The living lightning misses you.
The raiju struggles to blink free from constriction.
The raiju blinks free!
You barely miss the raiju.
The raiju is lightly wounded.
You block the raiju's attack.
Unknown command.
You thump the raiju! You burn the raiju.
The raiju is heavily wounded.
You block the raiju's attack.
You barely miss the raiju.
The raiju is heavily wounded.
You are suddenly pulled into a different region of the Abyss!
You start resting.
A brown very ugly thing comes into view.
A brown very ugly thing is nearby!
The brown very ugly thing gurgles horribly!
You start resting.
A brown very ugly thing is nearby!
A brown very ugly thing is nearby!
You barely miss the brown very ugly thing.
The brown very ugly thing tail-slaps you but does no damage.
Okay, then.
You completely miss the brown very ugly thing.
The brown very ugly thing tail-slaps you!
* * * LOW HITPOINT WARNING * * *
You are splashed with acid!
* * * LOW HITPOINT WARNING * * *
Unknown command.
Press: ? - help, v - describe, . - travel
Here: a brown very ugly thing The floor.
You feel protected.
The brown very ugly thing tail-slaps you!
You die...
Kikubaaqudgha rasps: "You have failed me!
Welcome... oblivion!"

# #. #.#
#.## #
#@# #.u##
##.#
#.#..# #.
.##
....u#
#....#.#
..##.....
#..
.....#


You could see a brown very ugly thing.

Vanquished Creatures
  Kirke (Lair:3)
  A draconian shifter (Abyss:2)
  Azrael (D:12)
  Josephine (D:12)
  A rakshasa (D:15)
  A hydra (Lair:4)
  3 catoblepae (Lair:5)
  A death knight (D:15)
  3 boulder beetles
  5 two-headed ogres
  2 centaur warriors
  4 death yaks (Lair:5)
  3 tengu warriors (D:14)
  2 thrashing horrors (Abyss:2)
  Urug (D:13)
  A skyshark (Lair:4)
  Nergalle (D:12)
  4 skeletal warriors
  Pikel (D:5)
  An orc knight (D:14)
  A necromancer (D:15)
  A wolf spider zombie (D:15)
  7 ugly things
  An orc sorcerer (D:15)
  6 cyclopes
  2 manticores
  4 elephants
  A centaur zombie (D:15)
  4 black mambas
  A smoke demon (Abyss:2)
  3 centaur skeletons
  A gargoyle (D:12)
  A torpor snail (Lair:5)
  10 cane toads
  4 rime drakes
  5 komodo dragons
  An unseen horror (D:6)
  2 yaktaurs (D:14)
  An ice devil (Lair:3)
  5 tengu conjurers
  An efreet (D:15)
  2 trolls
  3 polar bears
  A wolf spider simulacrum (D:15)
  2 hornets
  2 tyrant leeches (Lair:3)
  A dream sheep (Lair:4)
  25 blink frogs
  8 slime creatures
  A spriggan (D:12)
  A shadow (D:12)
  5 wraiths
  A wyvern (D:10)
  72 yaks
  A basilisk (Lair:2)
  A vampire (D:9)
  3 hogs (Lair:3)
  Grum (D:8)
  2 fire elementals (D:12)
  2 steam dragons (D:8)
  6 vampire mosquitoes
  Edmund (D:6)
  A swamp worm (Lair:3)
  2 hell hounds
  9 water moccasins
  6 orc warriors
  A sky beast (D:8)
  3 ice beasts
  7 black bears
  2 small abominations (Abyss:2)
  6 ogres
  8 wolves
  14 centaurs
  2 phantoms
  A kobold brigand (D:6)
  18 bullfrogs
  A gnoll sergeant (D:10)
  6 scorpions
  7 wights (D:7)
  22 killer bees
  2 electric eels (Lair:1)
  A quasit (Abyss:2)
  5 hounds
  10 orc priests
  6 jellies
  3 sleepcaps
  3 iguanas
  10 orc wizards
  A boggart skeleton (D:14)
  6 gnolls
  2 adders (D:6)
  A white imp (D:8)
  2 ufetubi (D:4)
  2 dart slugs
  26 orcs
  9 ball pythons
  3 bats
  4 endoplasms
  3 giant cockroaches
  8 goblins
  6 hobgoblins
  6 quokkas
  8 frilled lizards
  10 kobolds
  6 rats
500 creatures vanquished.

Vanquished Creatures (collateral kills)
  The ghost of Phlounder the Thaumaturge, a journeyman DjCA of Ignis (D:12)
  A hydra (D:13)
  An ogre mage (D:15)
  A centaur warrior (D:14)
  4 two-headed ogres
  2 death yaks (Lair:5)
  A tengu warrior (D:14)
  A spriggan (D:12)
  Lodul (D:12)
  An orc knight (D:15)
  2 cyclopes
  4 ugly things
  A manticore (Lair:5)
  A black mamba (Lair:5)
  A torpor snail (Lair:4)
  5 cane toads
  A centaur skeleton (D:14)
  A rime drake (Lair:4)
  2 komodo dragons (Lair:4)
  A troll (D:12)
  A queen bee (shapeshifter) (D:13)
  A hornet (D:12)
  3 dream sheep (Lair:4)
  5 blink frogs
  2 polar bears (Lair:4)
  3 slime creatures (D:12)
  25 yaks
  2 vampire mosquitoes (D:12)
  A warg (D:12)
  3 nagas (Lair:2)
  A hell hound (D:12)
  2 acid dragons
  4 water moccasins
  2 centaurs (D:13)
  5 ogres
  2 bullfrogs (Lair:4)
  2 orc priests
  2 orc wizards (D:12)
  2 gnolls (D:12)
  5 orcs (D:12)
106 creatures vanquished.

Vanquished Creatures (others)
  4 death yak zombies (Lair:5)
  A dream sheep (Lair:5)
  A shadow (D:8)
  A black mamba zombie (Lair:5)
  2 slime creature zombies (D:12)
  2 yaks
  4 two-headed ogre zombies
  A dream sheep zombie (Lair:5)
  6 blink frog zombies
  3 vampire mosquito zombies (D:12)
  A water moccasin zombie (Lair:2)
  A warg zombie (D:12)
  A tengu zombie (D:14)
  14 yak zombies
  A queen bee zombie (D:13)
  2 polar bear zombies (Lair:5)
  A howler monkey (D:10)
  2 bullfrog zombies
  8 centaur zombies
  12 ogre zombies
  An orc (D:10)
  A gnoll zombie (D:12)
  10 orc zombies (D:12)
80 creatures vanquished.

Grand Total: 686 creatures vanquished

Notes
Turn   | Place    | Note
-------+----------+-------------------------------------------
     0 | D:1      | whatisthis the Ghoul Venom Mage began the quest for the
                  | Orb.
     0 | D:1      | Reached XP level 1. HP: 14/14 MP: 2/2
   110 | D:1      | Reached skill level 1 in Transmutations
   244 | D:1      | Reached XP level 2. HP: 18/22 MP: 0/3
   302 | D:1      | Reached skill level 1 in Fighting
   699 | D:1      | Reached XP level 3. HP: 19/28 MP: 1/5
   760 | D:1      | Found a faded altar of an unknown god.
   768 | D:1      | Noticed a walking crystal tome
   799 | D:1      | Found Caomaparri's Book Boutique.
   820 | D:1      | Noticed a walking earthen tome
   864 | D:1      | Learned a level 2 spell: Poisonous Vapours
   960 | D:1      | Found Owill's Antique Weapon Shop.
  1101 | D:1      | Found Vykuepn's Book Boutique.
  2153 | D:3      | Reached skill level 2 in Fighting
  2153 | D:3      | Reached XP level 4. HP: 30/36 MP: 0/6
  2328 | D:3      | You fall into a shaft and drop 3 floors!
  2341 | D:6      | Learned a level 3 spell: Mephitic Cloud
  2365 | D:6      | Noticed a scorpion
  2372 | D:6      | Killed a scorpion
  2373 | D:6      | Reached XP level 5. HP: 41/41 MP: 0/8
  2462 | D:5      | Entered Level 5 of the Dungeon
  2482 | D:5      | Reached skill level 1 in Air Magic
  2711 | D:4      | Reached XP level 6. HP: 31/48 MP: 3/9
  2780 | D:4      | Found a sacrificial altar of Ru.
  2866 | D:3      | Found a hide-covered altar of Uskayaw.
  2887 | D:3      | Found Ellyh's Weapon Boutique.
  3406 | D:4      | Noticed a black bear
  3424 | D:4      | Killed a black bear
  3647 | D:5      | Found a staircase to the Ecumenical Temple.
  3656 | D:4      | Identified 2 scrolls of acquirement
  3656 | D:4      | Acquired a +2 cloak of stealth
  3659 | D:4      | Acquired an amulet of reflection
  4319 | D:4      | Reached XP level 7. HP: 55/55 MP: 4/11
  4478 | D:4      | Found a runed translucent door.
  4479 | D:4      | Noticed Crazy Yiuf
  4516 | D:4      | Found a snail-covered altar of Cheibriados.
  4634 | D:4      | Learned a level 4 spell: Olgreb's Toxic Radiance
  4650 | D:5      | Reached skill level 5 in Poison Magic
  4857 | Temple   | Entered the Ecumenical Temple
  5382 | D:5      | Noticed Pikel
  5490 | D:5      | Killed Pikel
  5491 | D:5      | Reached skill level 5 in Spellcasting
  5491 | D:5      | Reached XP level 8. HP: 61/61 MP: 3/14
  6074 | D:6      | Noticed Edmund
  6324 | D:6      | Killed an unseen horror
  6325 | D:6      | Reached XP level 9. HP: 27/67 MP: 3/16
  6531 | D:6      | Reached skill level 5 in Air Magic
  6709 | D:6      | Killed Edmund
  8166 | D:8      | Noticed a tengu conjurer
  8308 | D:8      | Noticed Grum
  8308 | D:8      | Noticed a two-headed ogre
  8308 | D:8      | Noticed a hornet
  8331 | D:8      | Killed a hornet
  8332 | D:8      | Reached XP level 10. HP: 68/73 MP: 8/19
  8346 | D:8      | Killed Grum
  8619 | D:8      | Killed a two-headed ogre
  8900 | D:8      | Noticed a cyclops
  8920 | D:8      | Killed a cyclops
  9172 | D:8      | Noticed Gastronok
  9277 | D:8      | Noticed a cyclops
  9288 | D:8      | Killed a cyclops
  9574 | D:8      | Got the Lectures on Ill-starred Chilblains
  9725 | D:8      | Upgraded the game from 0.31-a0-1178-gc5c9b8f871 to
                  | 0.31-a0-1204-ge2c1a860ed
 10183 | D:9      | Reached XP level 11. HP: 79/79 MP: 18/22
 10187 | D:9      | Reached skill level 1 in Maces & Flails
 10189 | D:9      | Reached skill level 3 in Fighting
 10347 | D:9      | Reached skill level 4 in Fighting
 10781 | D:9      | Found a shadowy altar of Dithmenos.
 10801 | D:9      | Found a staircase to the Lair.
 11307 | D:10     | Entered Level 10 of the Dungeon
 11313 | D:10     | Reached skill level 5 in Fighting
 12183 | D:10     | Found an ornate altar of the Wu Jian Council.
 12264 | D:10     | Found an ancient bone altar of Kikubaaqudgha.
 12303 | D:10     | Became a worshipper of Kikubaaqudgha
 12376 | D:10     | Found a basalt altar of Yredelemnul.
 12561 | D:10     | Reached skill level 6 in Fighting
 13018 | D:10     | Found a shimmering altar of Xom.
 13156 | D:11     | Noticed a cyclops
 13179 | D:11     | Killed a cyclops
 13180 | D:11     | Reached skill level 1 in Necromancy
 13541 | D:11     | Noticed a cyclops
 13833 | Lair:1   | Entered Level 1 of the Lair of Beasts
 13834 | Lair:1   | Noticed a boulder beetle
 13854 | D:9      | Reached skill level 5 in Maces & Flails
 13971 | Lair:1   | Killed a boulder beetle
 14385 | D:7      | Reached skill level 7 in Fighting
 15470 | Lair:1   | Reached XP level 12. HP: 78/100 MP: 14/23
 15745 | Lair:1   | Reached * piety under Kikubaaqudgha
 15745 | Lair:1   | Received a gift from Kikubaaqudgha
 15915 | Lair:1   | Reached skill level 8 in Fighting
 16947 | Lair:2   | Reached skill level 5 in Necromancy
 17286 | Lair:2   | Reached skill level 9 in Fighting
 17441 | Lair:2   | Reached ** piety under Kikubaaqudgha
 18137 | Lair:2   | Found a staircase to the Snake Pit.
 18497 | Lair:2   | Learned a level 4 spell: Animate Dead
 18553 | Lair:2   | Reached XP level 13. HP: 96/113 MP: 11/24
 18560 | Lair:2   | Reached skill level 10 in Fighting
 19462 | Lair:3   | Noticed Kirke
 19954 | Lair:3   | Found a staircase to the Swamp.
 20679 | Lair:4   | Reached *** piety under Kikubaaqudgha
 20679 | Lair:4   | Received a gift from Kikubaaqudgha
 20682 | Lair:4   | Reached skill level 11 in Fighting
 22148 | Lair:2   | Noticed a sphinx
 22171 | Lair:3   | Killed Kirke
 22297 | Lair:5   | Entered Level 5 of the Lair of Beasts
 22402 | Lair:5   | Reached skill level 12 in Fighting
 22568 | Lair:4   | Reached XP level 14. HP: 94/126 MP: 19/25
 22650 | Lair:4   | Learned a level 4 spell: Dispel Undead
 22651 | Lair:5   | Found a staircase to the Slime Pits.
 23115 | Lair:4   | Reached skill level 10 in Maces & Flails
 23482 | Lair:5   | Reached **** piety under Kikubaaqudgha
 23517 | Lair:5   | Identified the +7 great sword of Undoing {heavy, Str+4}
 23818 | Lair:5   | Reached skill level 10 in Necromancy
 24380 | Lair:5   | Reached skill level 13 in Fighting
 25012 | Lair:4   | Learned a level 6 spell: Death Channel
 26139 | D:12     | Noticed Lodul
 26161 | D:12     | Killed Lodul
 26279 | D:12     | Reached ***** piety under Kikubaaqudgha
 26282 | D:12     | Found a runed translucent door.
 26285 | D:12     | Identified the +3 trident of Xibeis {speed, rC+ rCorr}
 26289 | D:12     | Noticed Phlounder's ghost (journeyman DjCA)
 26295 | D:12     | Noticed Azrael
 26302 | D:12     | Noticed Josephine
 26310 | D:12     | Your ally Lodul died
 26330 | D:12     | Reached XP level 15. HP: 106/137 MP: 5/26
 26581 | D:12     | Noticed Nergalle
 26593 | D:12     | Killed Nergalle
 26952 | D:12     | Killed Josephine
 27053 | D:12     | Reached skill level 14 in Fighting
 27164 | D:12     | Found a staircase to the Orcish Mines.
 27439 | D:12     | Killed Azrael
 27855 | D:12     | Killed Phlounder's ghost
 28580 | D:13     | Learned a level 5 spell: Borgnjor's Vile Clutch
 28915 | D:14     | Reached skill level 1 in Earth Magic
 29797 | D:14     | Found a gate to the Vaults.
 30066 | D:15     | Entered Level 15 of the Dungeon
 30127 | D:13     | Noticed Urug
 30138 | D:13     | Killed Urug
 31793 | D:15     | Reached skill level 15 in Fighting
 32199 | D:15     | Reached XP level 16. HP: 126/149 MP: 3/27
 32491 | Abyss:2  | Found a corrupted altar of Lugonu.
 32491 | Abyss:2  | Cast into level 2 of the Abyss (an occultist)
 32540 | Abyss:2  | Reached skill level 5 in Earth Magic
 32620 | Abyss:2  | Found a burning altar of Makhleb.
 32638 | Abyss:2  | Found a corrupted altar of Lugonu.
 32652 | Abyss:2  | Found a corrupted altar of Lugonu.
 32653 | Abyss:2  | HP: 5/149 [large abomination (27)]
 32674 | Abyss:2  | HP: 6/149 [acid (10)]
 32675 | Abyss:2  | Mangled by a brown very ugly thing

Illustrated notes

Levels and vault maps discovered:
D:1:      giann_forest_graveyard, layout_basic, serial_shops,
          nicolae_shop_pleasant_corner_grove, nicolae_shop_mannequins, shop,
          shapermc_ecumenical_altar_venn
D:2:      layout_loops_ring
D:3:      layout_basic, nicolae_uskayaw_murder_on_the_dancefloor, serial_shops,
          shop
D:4:      layout_rooms, chei_slow_surprise, overflow_temple_1_default,
          uniq_crazy_yiuf_cottage
D:5:      black_bear_nest_2, layout_basic, minmay_temple_entry_statues,
          enter_ossuary_5, minmay_misc_feat_alley, grunt_ministairs_3,
          columned_hall_lemuel, uniq_pikel
D:6:      layout_basic, uniq_edmund
D:7:      layout_basic
D:8:      layout_loops_ring, nicolae_doodle_vault, uniq_gastronok, uniq_grum
D:9:      layout_basic, grunt_dithmenos_smoke_and_mirrors,
          grunt_lair_entry_orc_guard_hut
D:10:     layout_basic, nicolae_overflow_hidden_temple, xom_confusion_cloud,
          nicolae_kikubaaqudgha_miasma_corner, mainiacjoe_overflow_alcove_1
D:11:     layout_grid_maze
D:12:     layout_rooms, erik_orc_3, ebering_ghost_funeral_grove, uniq_azrael,
          uniq_lodul, uniq_josephine, uniq_nergalle
D:13:     layout_roguey, uniq_urug
D:14:     layout_cave_pools, hangedman_vaults_entry_quadrant_bands,
          minmay_misc_feat_iff
D:15:     grunt_enter_depths_magical_seal, layout_layer_cave
Temple:   zaba_magenta_temple
Lair:1:   layout_hall_layers, serial_bayou_shore_a
Lair:2:   layout_long_grid, guppyfry_snake_entry_island,
          chequers_serial_rivers_room_b
Lair:3:   layout_long_grid, minmay_swamp_entry_worms,
          portal_ice_cave_demonic_guard, uniq_kirke
Lair:4:   layout_regular_city, minivault_26, infiniplex_staircase_pool_2
Lair:5:   evilmike_catoblepas_cave, layout_loops_ring,
          nicolae_slime_entry_field_trip, st_stairs_4
Abyss:2:  base: Ossuary, evilmike_abyss_exit_plants, lemuel_flamethrower_3,
          hangedman_steaming_rock

Skill      XL: |  1  2  3  4  5  6  7  8  9 10 11 12 13 14 15 16 |
---------------+-------------------------------------------------+-----
Transmutations | 1 |  1.9
Fighting       | 1 2 7 9 12 13 15 | 15.2
Spellcasting   | 2 3 5 7 8 |  8.1
Air Magic      | 1 2 4 6 7 |  7.5
Poison Magic   | 4 6 7 8 9 |  9.8
Maces & Flails | 5 7 9 11 12 | 12.6
Necromancy     | 3 6 9 11 12 | 12.7
Earth Magic    | 4 5 |  5.1
Dodging        | |  1.7
Stealth        | |  2.1

Action                     |  1- 3 |  4- 6 |  7- 9 | 10-12 | 13-15 | 16-18 || total
---------------------------+-------+-------+-------+-------+-------+-------++-------
  Melee: Unarmed           |    74 |     4 |       |       |       |       ||    78
         Punch             |     1 |       |       |       |       |       ||     1
         Hand axe          |       |    48 |    21 |       |       |       ||    69
         Whip              |       |       |    69 |   191 |    15 |       ||   275
         Dagger            |       |       |     7 |    47 |       |       ||    54
         Flail             |       |       |       |   205 |   119 |       ||   324
         Morningstar       |       |       |       |       |   413 |    38 ||   451
  Throw: Stone             |     1 |       |       |     5 |       |       ||     6
         Javelin           |       |     6 |     4 |    12 |       |       ||    22
         Dart              |       |     3 |     2 |    11 |     9 |       ||    25
         Throwing net      |       |       |       |       |     3 |       ||     3
   Cast: Sting             |    58 |    31 |    43 |   124 |    88 |       ||   344
         Poisonous Vapours |       |    30 |    61 |   110 |    86 |     5 ||   292
         Mephitic Cloud    |       |     1 |     6 |     4 |       |       ||    11
         Olgreb's Toxic Ra |       |       |    11 |    55 |   106 |     3 ||   175
         Animate Dead      |       |       |       |     1 |    20 |       ||    21
         Dispel Undead     |       |       |       |       |    32 |     1 ||    33
         Death Channel     |       |       |       |       |    16 |       ||    16
         Borgnjor's Vile C |       |       |       |       |    11 |     8 ||    19
 Invoke: Unearth Wretches  |       |       |       |     1 |     3 |       ||     4
  Evoke: Wand              |       |     5 |       |     4 |    10 |       ||    19
         Phantom mirror    |       |       |       |       |     1 |       ||     1
    Use: Potion            |       |     4 |       |     1 |     4 |     9 ||    18
         Scroll            |       |     7 |     3 |     7 |    13 |     1 ||    31
   Stab: Sleeping          |       |     1 |       |       |       |       ||     1
         Paralysed         |       |       |       |    11 |     2 |       ||    13
         Distracted        |       |       |       |       |     6 |       ||     6
 Armour: Robe              |    42 |    65 |    78 |    26 |       |       ||   211
         Steam dragon scal |       |       |       |   337 |   547 |    60 ||   944
  Dodge: Dodged            |    45 |    62 |    72 |   232 |   302 |    27 ||   740
  Block: Buckler           |       |    26 |    91 |   333 |   373 |    34 ||   857
         Reflection        |       |       |     4 |     8 |    24 |       ||    36

Table legend: (Time is in decaauts)
 A = Elapsed time spent in this place.
 B = Non-inter-level travel time spent in this place.
 C = Inter-level travel time spent in this place.
 D = Time resting spent in this place.
 E = Time spent auto-exploring this place.
 F = Levels seen in this place.
 G = Mean time per level.
                   A        B        C        D        E       F      G
               +--------+--------+--------+--------+--------+-----+--------+
         Total |  32791 |  30879 |   1912 |  10235 |  10355 |  22 | 1490.5 |
       Dungeon |  22526 |  20970 |   1556 |   6372 |   8085 |  15 | 1501.7 |
        Temple |      1 |      1 |      0 |      0 |      0 |   1 |    1.0 |
          Lair |  10099 |   9743 |    356 |   3828 |   2270 |   5 | 2019.8 |
         Abyss |    164 |    164 |      0 |     33 |      0 |   1 |  164.0 |
               +--------+--------+--------+--------+--------+-----+--------+

Top non-repeatable levels by time:
     D:9: 2710 daAuts
  Lair:2: 2667 daAuts
  Lair:5: 2138 daAuts
  Lair:4: 2091 daAuts
     D:5: 1942 daAuts
    D:11: 1925 daAuts
     D:8: 1766 daAuts
    D:15: 1747 daAuts
    D:12: 1734 daAuts
  Lair:1: 1668 daAuts
     D:4: 1565 daAuts
  Lair:3: 1534 daAuts
    D:14: 1461 daAuts
     D:7: 1358 daAuts
     D:6: 1176 daAuts
